 Dungeon Crawl Stone Soup version 0.22-a0-322-g60b3cfd (webtiles) character file.

2020 FoFiFeeFum the Cleaver (level 9, -2/64 HPs)
             Began as a Formicid Fighter on Apr 2, 2018.
             Was an Initiate of Cheibriados.
             Slain by an orc warrior
             ... wielding a +0 scimitar
              (14 damage)
             ... on level 6 of the Dungeon.
             The game lasted 00:09:43 (5707 turns).

FoFiFeeFum the Cleaver (Formicid Fighter)           Turns: 5707, Time: 00:09:44

Health: -2/64      AC: 10    Str: 24    XL:     9   Next: 46%
Magic:  9/9        EV:  9    Int:  9    God:    Cheibriados [......]
Gold:   315        SH: 13    Dex: 12    Spells: 8/8 levels left

rFire    . . .     SeeInvis +   a - +0 war axe
rCold    . . .     Gourm    .   y - +2 shield
rNeg     . . .     Faith    .   b - +0 scale mail
rPois    .         Spirit   .   (helmet unavailable)
rElec    .         Reflect  .   (no cloak)
rCorr    .         Harm     .   (no gloves)
MR       .....                  (no boots)
Stlth    +.........             (no amulet)
HPRegen  0.20/turn              j - +4 ring of protection
MPRegen  0.11/turn              p - ring of stealth

@: drained, very slow
A: permanent stasis, dig shafts and tunnels, four strong arms, antennae 3
a: Dig, Shaft Self, Bend Time, Renounce Religion


You were on level 6 of the Dungeon.
You worshipped Cheibriados.
Cheibriados was noncommittal.
You were hungry.

You visited 2 branches of the dungeon, and saw 8 of its levels.
You also visited: Sewer.

You collected 315 gold pieces.

Inventory:

Hand Weapons
 a - a +0 war axe (weapon)
Armour
 b - a +0 scale mail (worn)
 x - a +0 plate armour
 y - a +2 shield (worn)
Jewellery
 j - a +4 ring of protection (left hand)
 p - a ring of stealth (right hand)
 C - a cursed ring of loudness {unknown}
Wands
 k - a wand of digging (9)
 l - a wand of paralysis (28)
Scrolls
 d - 3 scrolls of magic mapping
 g - a scroll of vulnerability {unknown}
 h - 2 scrolls of fog {unknown}
 i - 2 scrolls of teleportation {unknown}
 m - 4 scrolls of remove curse
 n - 3 scrolls of enchant weapon {unknown}
 o - 3 scrolls of enchant armour {unknown}
 q - 2 scrolls of amnesia {unknown}
 v - a scroll of blinking {unknown}
 z - a scroll of torment {unknown}
 A - a scroll of immolation {unknown}
Potions
 c - a potion of berserk rage {unknown}
 e - 2 potions of magic {unknown}
 r - 2 potions of might
 s - 3 potions of curing
 t - 4 potions of heal wounds
 u - 4 potions of flight
 w - a potion of brilliance {unknown}
Comestibles
 f - 17 rations


   Skills:
 - Level 3.2(2.6) Fighting
 - Level 10.0(9.2) Axes
 - Level 3.2(2.6) Armour
 + Level 8.7(8.0) Shields


You had 8 spell levels left.
You didn't know any spells.

Dungeon Overview and Level Annotations

Branches:
Dungeon (7/15)             Temple (1/1) D:6

Altars:
Ashenzari
Cheibriados
Dithmenos
Elyvilon
Fedhas
Gozag
Hepliaklqana
Kikubaaqudgha
Makhleb
Nemelex Xobeh
Okawaru
Qazlal
Ru
Sif Muna
Trog
Uskayaw
Vehumet
Wu Jian
Yredelemnul
Zin
The Shining One

Shops:
D:5 %


Innate Abilities, Weirdness & Mutations

You cannot be hasted, slowed, berserked, paralysed or teleported.
You can dig through walls and to a lower floor.
Your four strong arms can wield two-handed weapons with a shield.
You have a pair of large antennae on your head. (SInv)


Message History

The orc warrior hits you with a scimitar.
You hit the orc warrior but do no damage.
The orc warrior is almost dead.
You barely miss the orc. You block the orc's attack.
The orc warrior barely misses you.
You closely miss the orc warrior.
The orc warrior is almost dead.
You closely miss the orc. The orc hits you but does no damage.
The orc warrior hits you with a scimitar!
* * * LOW HITPOINT WARNING * * *
You hit the orc warrior.
The orc warrior is almost dead.
You hit the orc. You block the orc's attack.
The orc warrior hits you with a scimitar!
* * * LOW HITPOINT WARNING * * *
You closely miss the orc warrior.
The orc warrior is almost dead.
You barely miss the orc. The orc barely misses you.
The orc warrior hits you with a scimitar!
You die...

*,*,,,,,*,*,,*,* ***#......##
*,*,,,*,*,*,.#+#####.........+.
*,*,,,*,*,,,.................##
*,*,,,*,*,*,#...........#######
*,*,,,,,,,*,#...........* #
*,*****+***,#..........,* ####
*,,,,,,,,**,#.......###** #...
******,,,***#oo)....# #...
*,,,* #)@.....# #... *****
#.......# #### ##'###### #
######'########### #
#.......#........# #
#.......#........### #
#.......'........'.# #
**#.......#........#.#
*.........#........#.#


You could see an orc warrior and an orc.

Vanquished Creatures
  The ghost of xccam the Cleaver, a novice FoFi (D:5)
  Prince Ribbit (D:5)
  Edmund (D:6)
  2 ice beasts (D:5)
  A sky beast (D:5)
  2 ogres
  2 big kobolds (Sewer)
  A bullfrog (D:7)
  A scorpion (D:4)
  A howler monkey (D:4)
  A crimson imp (D:6)
  2 orc priests
  A gnoll shaman (D:2)
  4 hounds
  A bullfrog skeleton (D:5)
  A worker ant (D:4)
  A howler monkey zombie (D:5)
  A howler monkey skeleton (D:4)
  7 adders
  9 gnolls
  4 river rats (Sewer)
  2 shadow imps (D:7)
  An ooze (D:2)
  3 worms
  4 dart slugs
  11 leopard geckos
  17 orcs
  6 ball pythons (Sewer)
  10 bats
  7 giant cockroaches
  8 hobgoblins
  9 jackals
  4 quokkas
  3 frilled lizards
  11 goblins
  A jackal skeleton (D:4)
  21 kobolds
  2 leopard gecko zombies
  25 rats
190 creatures vanquished.

Notes
Turn   | Place    | Note
-------+----------+-------------------------------------------
     0 | D:1      | FoFiFeeFum the Formicid Fighter began the quest for the Orb.
     0 | D:1      | Reached XP level 1. HP: 18/18 MP: 1/1
   164 | D:1      | Reached XP level 2. HP: 22/24 MP: 2/2
   231 | D:1      | Reached skill level 3 in Axes
   358 | D:1      | Reached XP level 3. HP: 29/29 MP: 3/3
   773 | D:2      | Reached skill level 4 in Axes
   773 | D:2      | Reached XP level 4. HP: 27/35 MP: 4/4
   786 | D:2      | Reached XP level 5. HP: 23/41 MP: 5/5
   931 | D:2      | Reached skill level 5 in Axes
  1005 | D:2      | Found a basalt altar of Yredelemnul.
  1212 | D:2      | Found a hazy altar of Hepliaklqana.
  1853 | D:3      | Found an ornate altar of the Wu Jian Council.
  1853 | D:3      | Found a deep blue altar of Sif Muna.
  1899 | D:3      | Found a sacrificial altar of Ru.
  1986 | D:3      | Reached XP level 6. HP: 41/47 MP: 6/6
  2016 | D:3      | Found a faded altar of an unknown god.
  2138 | D:3      | Reached skill level 6 in Axes
  2881 | D:4      | Reached skill level 7 in Axes
  2881 | D:4      | Reached XP level 7. HP: 38/52 MP: 7/7
  3219 | D:5      | Entered Level 5 of the Dungeon
  3305 | D:5      | Found Etiliuju's Food Boutique.
  3399 | D:5      | Found a glowing drain.
  3421 | Sewer    | Entered a sewer
  3510 | Sewer    | Reached skill level 8 in Axes
  3853 | Sewer    | Reached XP level 8. HP: 45/58 MP: 8/8
  4152 | D:5      | Found a sparkling altar of Nemelex Xobeh.
  4152 | D:5      | Found an iron altar of Okawaru.
  4152 | D:5      | Found a shadowy altar of Dithmenos.
  4158 | D:5      | Reached skill level 9 in Axes
  4212 | D:5      | Found an opulent altar of Gozag.
  4213 | D:5      | Noticed xccam's ghost (novice FoFi)
  4223 | D:5      | Killed xccam's ghost
  4223 | D:5      | Reached skill level 10 in Axes
  4253 | D:5      | Noticed Prince Ribbit
  4404 | D:5      | Killed Prince Ribbit
  4404 | D:5      | Reached XP level 9. HP: 10/64 MP: 9/9
  4825 | D:6      | Noticed Edmund
  4845 | D:6      | Killed Edmund
  5125 | D:6      | Found a staircase to the Ecumenical Temple.
  5126 | D:6      | Found a blossoming altar of Fedhas.
  5126 | D:6      | Found a glowing golden altar of the Shining One.
  5178 | D:7      | Found a bloodstained altar of Trog.
  5502 | Temple   | Entered the Ecumenical Temple
  5543 | Temple   | Became a worshipper of Cheibriados the Contemplative
  5707 | D:6      | Slain by an orc warrior

Vault maps used:
D:1:      dpeg_arrival_castle, hangedman_glass_teeth
D:2:      lemuel_crystal_altar, yredelemnul_altar_generic, st_stairs_14,
          minivault_26
D:3:      nicolae_ru_sacrificial_ziggurat, nicolae_overflow_hidden_temple,
          first_ration, chequers_ecumenical_altar_simple
D:5:      gammafunk_temple_overflow_forgotten, portal_sewer_entry_f,
          serial_shops, shop, basic_altar, uniq_prince_ribbit1
D:6:      chequers_temple_overflow_statue_of_worship,
          minmay_temple_entry_from_below_a, uniq_edmund
D:7:      nicolae_overflow_crystal_walls, xom_butterflies,
          nicolae_gozag_seed_capital, serial_shops, shop,
          fedhas_altar_fruit_tree
Temple:   jpeg_temple_island
Sewer:    sewer_minmay_treatment

Skill      XL: |  1  2  3  4  5  6  7  8  9 |
---------------+----------------------------+-----
Axes           | 3 4 5 7 8 10 | 10.0
Shields        | 6 8 |  8.7
Fighting       | |  3.2
Armour         | |  3.2

Action                   |  1- 3 |  4- 6 |  7- 9 || total
-------------------------+-------+-------+-------++-------
Melee: War axe           |    70 |   200 |   328 ||   598
 Abil: Dig               |       |     1 |     1 ||     2
  Use: Potion            |     1 |       |     2 ||     3
       Scroll            |       |       |     6 ||     6
  Eat: Chunk             |       |     7 |     6 ||    13
       Ration            |       |       |     1 ||     1
Armor: Scale mail        |    36 |    91 |   117 ||   244
Dodge: Dodged            |    26 |    73 |   113 ||   212
Block: Shield            |    52 |   104 |   191 ||   347

Table legend:
 A = Spawn XP
 B = Non-spawn XP
 C = Spawn XP percentage of total XP
 D = Spawn monster count
 E = Non-spawn monster count
 F = Spawn count percentage of total count
 G = Total turns spent on level
                    A         B        C        D         E        F      G
               +---------+---------+-------+---------+---------+-------+---------
         Total |       0 |    2886 |   0.0 |       0 |     190 |   0.0 |  5707
               +---------+---------+-------+---------+---------+-------+---------
           D:1 |       0 |      39 |   0.0 |       0 |      23 |   0.0 |   759
           D:2 |       0 |     199 |   0.0 |       0 |      30 |   0.0 |  1045
           D:3 |       0 |      90 |   0.0 |       0 |      22 |   0.0 |   643
           D:4 |       0 |     314 |   0.0 |       0 |      18 |   0.0 |   772
           D:5 |       0 |    1298 |   0.0 |       0 |      22 |   0.0 |   924
           D:6 |       0 |     469 |   0.0 |       0 |      16 |   0.0 |   553
           D:7 |       0 |     183 |   0.0 |       0 |      11 |   0.0 |   365
         Sewer |       0 |     294 |   0.0 |       0 |      48 |   0.0 |   564
               +---------+---------+-------+---------+---------+-------+---------
